 Dungeon Crawl Stone Soup version 0.17.1-1-g73c8601 (webtiles) character file.

126 rutigerpupkin the Firebug (level 5, 0/28 HPs)
             Began as a Gargoyle Fire Elementalist on Mar 26, 2016.
             Was an Initiate of Vehumet.
             Slain by a worker ant (6 damage)
             ... on level 4 of the Dungeon.
             The game lasted 00:13:20 (2998 turns).

rutigerpupkin the Firebug (GrFE)                    Turns: 2998, Time: 00:13:20

Health: 0/28       AC:  7    Str: 12    XL:     5   Next: 10%
Magic:  8/9        EV: 12    Int: 16    God:    Vehumet [......]
Gold:   175        SH:  0    Dex: 10    Spells: 2 memorised, 6 levels left

rFire  + . .     SeeInvis .     u - +0 mace
rCold  x . .     Clarity  .     l - +0 robe (curse)
rNeg   + + .     SustAt   .     (no shield)
rPois  ∞         Gourm    .     (no helmet)
rElec  +         Spirit   .     (no cloak)
rCorr  .         Warding  +     (no gloves)
rMut   .         Stasis   .     o - +0 pair of boots
MR     .....                    A - amulet of warding
Stlth  ++........               (no ring)
                                y - ring of fire

@: not resistant to hostile enchantments, unstealthy
A: negative energy resistance 1, electricity resistance, unbreathing,
petrification resistance, rot immunity, AC +4
a: Renounce Religion


You were on level 4 of the Dungeon.
You worshipped Vehumet.
Vehumet was noncommittal.
You were not hungry.

You visited 1 branch of the dungeon, and saw 4 of its levels.

You collected 175 gold pieces.

Inventory:

Hand Weapons
 p - a +0 club
 u - a +0 mace (weapon)
 w - a +0 war axe of holy wrath
Armour
 a - a +0 robe
 l - a cursed +0 robe (worn)
 o - a +0 pair of boots (worn)
Jewellery
 h - an uncursed amulet of resist mutation
 v - an uncursed amulet of regeneration
 y - a ring of fire (left hand)
 A - an amulet of warding (around neck)
Wands
 q - a wand of random effects (43)
Scrolls
 f - 2 scrolls of identify {unknown}
 i - 4 scrolls of remove curse {unknown}
 m - a scroll of blinking {unknown}
 r - 2 scrolls of random uselessness {unknown}
 x - 2 scrolls of teleportation {unknown}
 B - a scroll of magic mapping {unknown}
Potions
 d - 2 potions of agility {unknown}
 e - 3 potions of resistance {unknown}
 j - 2 potions of brilliance {unknown}
 k - a potion of curing {unknown}
 z - a potion of degeneration {unknown}
Books
 b - a book of Flames

   Spells                             Type                      Level
   a - Flame Tongue                   Conjuration/Fire             1
   b - Throw Flame                    Conjuration/Fire             2
   c - Conjure Flame                  Conjuration/Fire             3
   d - Inner Flame                    Hexes/Fire                   3
   e - Sticky Flame                   Conjuration/Fire             4
   f - Fireball                       Conjuration/Fire             5
Comestibles
 c - 5 bread rations
 g - a beef jerky
 n - a meat ration
 s - a slice of pizza
 t - 3 chunks of flesh


   Skills:
 - Level 1.5 Dodging
 - Level 2.1 Stealth
 + Level 3.1 Spellcasting
 + Level 2.1 Conjurations
 * Level 4.4 Fire Magic


You had 6 spell levels left.
You knew the following spells:

 Your Spells              Type           Power        Failure   Level  Hunger
a - Flame Tongue          Conj/Fire      ###..        6%          1    None
b - Conjure Flame         Conj/Fire      ###.....     14%         3    ###....


Dungeon Overview and Level Annotations

Branches:
Dungeon (4/15)
 Temple: D:4-7

Altars:
Fedhas
Gozag
Makhleb
Nemelex Xobeh
Ru
Trog
Vehumet
Xom


Innate Abilities, Weirdness & Mutations

You are resistant to torment.
Your stone body is resilient (AC +4).
You are immune to poison.
You resist negative energy.
You are resistant to electric shocks.
You can survive without breathing.
You are immune to petrification.
You are immune to rotting.


Message History

The worker ant barely misses you. The worker ant bites you.
A gnoll comes into view. It is wielding a halberd.
Some of the chunks of flesh in your inventory have rotted away.
The gnoll shouts!
Something hits the plant.
The worker ant misses you.
The gnoll shouts!
You see here a leather armour.
Found an escape hatch in the ceiling.
The worker ant bites you but does no damage.
The worker ant bites you. The worker ant bites you.
The worker ant bites you but does no damage.
The worker ant bites you.
* * * LOW HITPOINT WARNING * * *
The worker ant bites you.
* * * LOW HITPOINT WARNING * * *
There is an escape hatch in the floor here.
The worker ant bites you.
You die...

#### ##..## #....# ##....#
#..@a.# .. ####.###>####....
#....##..............##
####.####..#.###..> .....#
####<...# #.##.........#..PP
#....#######g##########..P)≈≈
#.#### ##...# ##.....P..≈≈♣
.. #.g### #<.......≈♣≈≈ #.
####.## #........P≈♣≈


You could see a worker ant.

Vanquished Creatures
  Terence (D:3)
  A gnoll (D:4)
  2 adders
  2 oozes
  A worm (D:3)
  2 giant geckos (D:1)
  4 orcs
  6 bats
  3 giant cockroaches
  9 hobgoblins
  5 kobolds
  4 quokkas
  A giant newt (D:4)
  7 goblins
  4 rats
52 creatures vanquished.

Vanquished Creatures (others)
  A plant (D:4)
1 creature vanquished.

Grand Total: 53 creatures vanquished

Notes
Turn   | Place    | Note
--------------------------------------------------------------
     0 | D:1      | rutigerpupkin the Gargoyle Fire Elementalist began the quest for the Orb.
     0 | D:1      | Reached XP level 1. HP: 10/10 MP: 3/3
   405 | D:1      | Reached XP level 2. HP: 7/15 MP: 0/5
  1125 | D:2      | Reached XP level 3. HP: 19/19 MP: 3/6
  1214 | D:2      | Found a shimmering altar of Xom.
  1223 | D:2      | Found a bloodstained altar of Trog.
  1223 | D:2      | Found a sacrificial altar of Ru.
  1223 | D:2      | Found a blossoming altar of Fedhas.
  1224 | D:2      | Found an opulent altar of Gozag.
  1225 | D:2      | Found a sparkling altar of Nemelex Xobeh.
  1226 | D:2      | Found a burning altar of Makhleb.
  1909 | D:3      | Found a radiant altar of Vehumet.
  1920 | D:3      | Became a worshipper of Vehumet
  2231 | D:3      | Reached XP level 4. HP: 24/24 MP: 1/8
  2377 | D:3      | Reached skill level 4 in Fire Magic
  2393 | D:3      | Noticed Terence
  2405 | D:3      | Learned a level 3 spell: Conjure Flame
  2590 | D:3      | Killed Terence
  2862 | D:4      | Reached XP level 5. HP: 28/28 MP: 5/9
  2998 | D:4      | Slain by a worker ant

Action                   |  1- 3 |  4- 6 || total
-------------------------+-------+-------++-------
Melee: Unarmed           |     5 |       ||     5
       Mace              |     4 |    22 ||    26
 Cast: Flame Tongue      |    79 |    32 ||   111
  Eat: Chunk             |     5 |     2 ||     7
